 Dungeon Crawl Stone Soup version 0.29-a0-356-g7bc237e783 (webtiles) character file.

Game seed: 12738908437984408906

328 Shayle the Skirmisher (level 6, -1/38 HPs)
             Began as a Tengu Brigand on Apr 27, 2022.
             Slain by a water moccasin (4 damage)
             ... on level 6 of the Dungeon.
             The game lasted 00:07:58 (3175 turns).

Shayle the Skirmisher (Tengu Brigand)               Turns: 3175, Time: 00:07:59

Health: -1/38      AC:  7    Str: 13    XL:     6   Next: 50%
Magic:  10/10      EV: 14    Int: 14    God:
Gold:   138        SH:  0    Dex: 17    Spells: 11/11 levels left

rFire   . . .      SeeInvis .   i - +0 dagger (elec)
rCold   . . .      Faith    .   (no shield)
rNeg    + . .      Spirit   .   o - +1 ring mail of Plasticity {rN+}
rPois   .          Reflect  .   (helmet restricted)
rElec   .          Harm     .   c - +0 cloak
rCorr   .          Rampage  .   (no gloves)
Will    .....                   (boots unavailable)
Stlth   +++.......              (no amulet)
HPRegen 0.12/turn               (no ring)
MPRegen 0.12/turn               (no ring)

@: flying quickly and evasively, quick
A: beak, talons 3, nimble flight, thin skeletal structure 1, low MP 1, strong 1,
devolution 1
a: no special abilities


You were on level 6 of the Dungeon.
You visited 1 branch of the dungeon, and saw 6 of its levels.

You collected 138 gold pieces.

Inventory:

Hand Weapons
 a - a +2 dagger
 i - a +0 dagger of electrocution (weapon)
Missiles
 d - 20 poisoned darts (quivered)
 e - 3 curare-tipped darts
Armour
 b - a +0 robe
 c - a +0 cloak (worn)
 o - the +1 ring mail of Plasticity (worn) {rN+}
   (You found it on level 2 of the Dungeon)

   rN:        It protects you from negative energy.
Jewellery
 h - an amulet of guardian spirit
Scrolls
 f - a scroll of summoning {unknown}
 g - a scroll of enchant weapon {unknown}
 j - 4 scrolls of identify {unknown}
 k - a scroll of immolation {unknown}
 m - a scroll of blinking {unknown}
 n - a scroll of torment {unknown}
 r - a scroll of fog {unknown}
Potions
 l - a potion of mutation
 s - a potion of degeneration {unknown}


   Skills:
 + Level 4.2 Fighting
 - Level 2.1 Short Blades
 - Level 2.0 Throwing
 + Level 4.0 Dodging
 - Level 4.0 Stealth
 + Level 3.0 Spellcasting


You had 11 spell levels left.
You didn't know any spells.
Your spell library contained the following spells:

 Spells                   Type           Power      Damage    Failure   Level
 Magic Dart               Conj           8%         1d3       43%         1
 Call Imp                 Summ           2%         N/A       56%         2
 Mephitic Cloud           Conj/Pois/Air  2%         N/A       80%         3


Dungeon Overview and Level Annotations

Branches:
Dungeon (6/15)
 Temple: D:4-7

Altars:
Dithmenos
Makhleb
Okawaru
Sif Muna
The Shining One

Shops:
D:1 (

Annotations:
D:5 1 exclusion


Innate Abilities, Weirdness & Mutations

You have a beak for a mouth.
You have claws for feet.
Your magical nature lets you fly swiftly and evasively.
You have a somewhat thin skeletal structure. (Dex +2, Stealth+)
Your magical capacity is low. (-10% MP)
Your muscles are strong. (Str +2)
You have hidden genetic defects.


Message History

You feel less energetic.
You feel stronger.
You feel a hidden malignance growing inside you.
Your bones become slightly less dense.
You feel sick. The water moccasin barely misses you.
The water moccasin bites you but does no damage.
It was a potion of magic.
Magic courses through your body.
You feel sick.
You are no longer poisoned.
The water moccasin bites you.
You closely miss the water moccasin. Your kick misses the water moccasin.
The water moccasin is heavily wounded.
The water moccasin bites you.
You barely miss the water moccasin.
The water moccasin is heavily wounded.
The water moccasin barely misses you. The water moccasin bites you.
You hit the water moccasin but do no damage.
Your kick misses the water moccasin.
You peck the water moccasin, but do no damage.
The water moccasin is heavily wounded.
The water moccasin bites you.
* * * LOW HITPOINT WARNING * * *
You hit the water moccasin. You peck the water moccasin.
The water moccasin is severely wounded.
The water moccasin barely misses you.
You hit the water moccasin.
The water moccasin is severely wounded.
The water moccasin misses you.
You barely miss the water moccasin.
The water moccasin is severely wounded.
The water moccasin bites you but does no damage. x2
You miss the water moccasin. You claw the water moccasin.
The water moccasin is almost dead.
The water moccasin barely misses you.
You closely miss the water moccasin.
The water moccasin is almost dead.
The water moccasin bites you!
* * * LOW HITPOINT WARNING * * *
You miss the water moccasin. You peck the water moccasin.
The water moccasin is almost dead.
The water moccasin bites you.
You die...

#...# #...#
#...# ####...#
#......+
#......#######
#............+
####@..##
#<.S....#
#.)###..#
#.......#
#.#####.# #..
.# ### #


You could see a water moccasin.

Vanquished Creatures
  Sigmund (D:5)
  Terence (D:2)
  An orc wizard (D:2)
  A gnoll (D:6)
  2 adders
  A shadow imp (D:5)
  An ufetubus (D:5)
  2 worms
  4 dart slugs
  6 orcs
  2 endoplasms (D:3)
  3 giant cockroaches
  5 hobgoblins
  2 kobolds
  2 quokkas
  4 ball pythons
  9 bats
  6 frilled lizards
  6 goblins
  4 rats
63 creatures vanquished.

Notes
Turn   | Place    | Note
-------+----------+-------------------------------------------
     0 | D:1      | Shayle the Tengu Brigand began the quest for the Orb.
     0 | D:1      | Reached XP level 1. HP: 12/12 MP: 2/2
     7 | D:1      | Found Ukes's Weapon Emporium.
   193 | D:1      | Reached XP level 2. HP: 17/17 MP: 3/3
   738 | D:2      | Reached skill level 1 in Spellcasting
   846 | D:2      | Identified the +1 ring mail of Plasticity {rN+}
   882 | D:2      | Noticed Terence
   900 | D:2      | Killed Terence
   901 | D:2      | Reached XP level 3. HP: 22/22 MP: 4/6
  1035 | D:2      | Found a burning altar of Makhleb.
  1054 | D:2      | Reached XP level 4. HP: 27/27 MP: 7/7
  1093 | D:2      | Found a faded altar of an unknown god.
  2055 | D:3      | Gained mutation: Your magical nature lets you fly swiftly
                  | and evasively. [Tengu growth]
  2055 | D:3      | Reached XP level 5. HP: 32/32 MP: 9/9
  2220 | D:3      | Found a glowing golden altar of the Shining One.
  2235 | D:3      | Found a shimmering blue altar of Sif Muna.
  2709 | D:4      | Found an iron altar of Okawaru.
  2824 | D:5      | Entered Level 5 of the Dungeon
  2945 | D:5      | Found a shadowy altar of Dithmenos.
  2970 | D:5      | Noticed an ice beast
  3023 | D:5      | Noticed Sigmund
  3036 | D:5      | Killed Sigmund
  3037 | D:5      | Reached XP level 6. HP: 31/38 MP: 9/11
  3150 | D:6      | Noticed a water moccasin
  3163 | D:6      | HP: 1/38 [water moccasin (5)]
  3165 | D:6      | Gained mutation: Your magical capacity is low. (-10% MP)
                  | [potion of mutation]
  3165 | D:6      | Gained mutation: Your muscles are strong. (Str +2) [potion
                  | of mutation]
  3165 | D:6      | Gained mutation: You have hidden genetic defects. [potion
                  | of mutation]
  3165 | D:6      | Gained mutation: You have a somewhat thin skeletal
                  | structure. (Dex +2, Stealth+) [potion of mutation]
  3175 | D:6      | Slain by a water moccasin

Illustrated notes

Levels and vault maps discovered:
D:1:      matt_arrival_diagonals, layout_basic, serial_shops, shop
D:2:      layout_basic, chequers_ecumenical_altar_island, basic_altar,
          uniq_terence
D:3:      layout_basic, nicolae_sif_muna_condensation,
          mainiacjoe_overflow_surrounded_room
D:4:      layout_cave_pods, okawaru_gym_becter, lightli_temple_of_fire,
          general_overflow_altar, gammafunk_ghost_smash, nrook_campfire,
          chequers_garden
D:5:      wander_guarded_unrand_ratskin, layout_basic,
          nicolae_dithmenos_through_a_glass_darkly, uniq_sigmund
D:6:      layout_basic, mainiacjoe_overflow_brackets, amcnicky_mini_pool_small,
          nicolae_shop_unique_rings

Skill      XL: |  1  2  3  4  5 |
---------------+----------------+-----
Spellcasting   | 1 2 3 |  3.0
Dodging        | 2 3 4 |  4.0
Fighting       | 3 4 |  4.2
Short Blades   | |  2.1
Throwing       | |  2.0
Stealth        | |  4.0

Action                   |  1- 3 |  4- 6 || total
-------------------------+-------+-------++-------
Melee: Dagger            |    47 |   124 ||   171
       Peck              |     6 |    25 ||    31
       Kick              |    14 |    29 ||    43
Throw: Dart              |     4 |    13 ||    17
  Use: Potion            |       |     4 ||     4
 Stab: Sleeping          |     9 |     4 ||    13
Armor: Robe              |     9 |       ||     9
       Ring mail         |     3 |    35 ||    38
Dodge: Dodged            |    20 |    80 ||   100

Table legend: (Time is in decaauts)
 A = Elapsed time spent in this place.
 B = Non-inter-level travel time spent in this place.
 C = Inter-level travel time spent in this place.
 D = Time resting spent in this place.
 E = Time spent auto-exploring this place.
 F = Levels seen in this place.
 G = Mean time per level.
                   A        B        C        D        E       F      G
               +--------+--------+--------+--------+--------+-----+--------+
         Total |   3082 |   3006 |     76 |    220 |   2066 |   6 |  513.7 |
       Dungeon |   3082 |   3006 |     76 |    220 |   2066 |   6 |  513.7 |
               +--------+--------+--------+--------+--------+-----+--------+

Top non-repeatable levels by time:
     D:2: 1280 daAuts
     D:3: 767 daAuts
     D:1: 602 daAuts
     D:5: 290 daAuts
     D:4: 104 daAuts
     D:6: 36 daAuts
